Map: King's Cove LE

Players

StarFoxX - Winner!

  • Race: Protoss Protoss
  • League: Diamond
  • Spawn Location: 5:00

eXile

  • Race: Zerg Zerg
  • League: Diamond
  • Spawn Location: 11:00

VOD

Have the link to the VOD?

Description

Time

  • Played on: July 27, 2019, 2:41 p.m.
  • Length: 5:07
Show
View Real Time Build Order
Export as new Build Order

StarFoxX Protoss - Winner!

Build Orders: 1 Gate Expand, Oracle Opening, Phoenix Opening 

Get SALT Encoding   

  12  0:00  Probe  
  13  0:13  Probe  
  14  0:20  Pylon  
  14  0:25  Probe  
  15  0:35  Probe  
  15  0:41  Gateway  
  16  0:44  Probe  
  17  0:51  Assimilator  
  17  0:52  Probe  
  18  1:04  Probe  
  19  1:16  Probe  
  20  1:29  Nexus  
  20  1:40  Cybernetics Core  
  20  1:45  Assimilator  
  20  1:53  Pylon  
  20  1:56  Probe  
  21  2:06  Adept  
  21  2:08  Probe  
  22  2:21  Probe  
  25  2:24  Stargate  
  25  2:33  Warp Gate, Probe  
  26  2:37  Adept  
  26  2:41  Probe  
  29  2:45  Probe  
  30  2:53  Probe  
  30  2:57  Probe  
  32  2:59  Phoenix  
  32  3:05  Probe  
  33  3:09  Probe  
  36  3:19  Oracle  
  36  3:22  Probe x2  
  41  3:27  Gateway  
  41  3:34  Probe x2  
  42  3:35  Pylon  
  43  3:46  Probe  
  43  3:48  Sentry  
  46  4:01  Pylon  
  46  4:02  Gateway  
  46  4:04  Void Ray  
  46  4:05  Gateway  
  46  4:08  Shield Battery  
  46  4:10  Shield Battery  
  50  4:21  Probe x2  
  50  4:23  Assimilator  
  52  4:35  Pylon  
  56  5:04  Stalker x2  
Show
View Real Time Build Order
Export as new Build Order

eXile Zerg 

Build Orders: Hatch First 

Get SALT Encoding   

  12  0:01  Drone  
  13  0:13  Overlord  
  13  0:18  Drone  
  14  0:30  Extractor  
  14  0:34  Drone x2  
  16  0:53  Hatchery  
  16  0:56  Drone  
  16  1:00  Drone  
  17  1:10  Extractor  
  16  1:17  Spawning Pool  
  15  1:24  Drone x2  
  17  1:27  Drone  
  18  1:42  Drone  
  19  2:02  Evolution Chamber  
  19  2:07  Drone  
  19  2:08  Roach Warren, Drone x3  
  21  2:20  Burrow  
  21  2:21  Drone x2  
  23  2:39  Queen, Zergling x6  
  28  2:47  Overlord  
  28  2:51  Zerg Missile Weapons Level 1  
  28  3:22  Hatchery, Roach x3  
  33  3:30  Overlord  
  33  3:32  Roach  
  35  3:51  Overlord  
  35  4:00  Overlord x2  
  35  4:06  Overlord  
  35  4:09  Queen  
  35  4:13  Spore Crawler  
  36  4:18  Roach x2  
  36  4:24  Ravager  
  41  4:28  Extractor  
  40  4:37  Drone  
  43  4:43  Ravager  
  35  5:00  Spore Crawler  
Tags
 
Add a new tag
Caveats
  • Supply blocks, unpowered buildings, or Contaminate may cause inaccurate times.
  • Supply counts are checked every 10 seconds.